 Dungeon Crawl Stone Soup version 0.30-a0-1035-g38d5fb2972 (webtiles) character file.

Game seed: 11706977309379733193

648 MacCMillion the Skirmisher (level 7, 0/53 HPs)
             Began as a Demigod Hunter on Apr 8, 2023.
             Slain by Pikel
             ... wielding a +2 whip of electrocution
              (9 damage)
             ... on level 4 of the Dungeon.
             The game lasted 00:07:40 (4612 turns).

MacCMillion the Skirmisher (Demigod Hunter)         Turns: 4612, Time: 00:07:41

Health: 0/53       AC:  5    Str: 12    XL:     7   Next: 6%
Magic:  0/9        EV: 12    Int: 11    God:
Gold:   448        SH:  0    Dex: 25    Spells: 6/6 levels left

rFire   . . .      SeeInvis .    a - +0 shortbow
rCold   + . .      Faith    .    (shield currently unavailable)
rNeg    . . .      Spirit   +    c - +0 leather armour
rPois   .          Reflect  .    (no helmet)
rElec   .          Rampage  .    d - +0 cloak
rCorr   .                        (no gloves)
Will    .....                    z - +0 pair of boots
Stlth   ++                       j - amulet of guardian spirit
HPRegen 0.28/turn                o - ring of protection from cold
MPRegen 0.11/turn                y - ring of flight

@: flying
A: high MP 1, forlorn, divine attributes
a: no special abilities


You were on level 4 of the Dungeon.
You visited 1 branch of the dungeon, and saw 5 of its levels.

You collected 448 gold pieces.

Inventory:

Hand Weapons
 a - a +0 shortbow (weapon)
 q - a +0 arbalest
Armour
 c - a +0 leather armour (worn)
 d - a +0 cloak (worn)
 z - a +0 pair of boots (worn)
Jewellery
 j - an amulet of guardian spirit (around neck)
 o - a ring of protection from cold (left hand)
 v - a ring of magical power
 y - a ring of flight (right hand)
Wands
 w - a wand of charming (11)
 A - a wand of polymorph (8)
Scrolls
 b - 4 scrolls of immolation
 g - 7 scrolls of identify {unknown}
 k - a scroll of acquirement {unknown}
 l - a scroll of amnesia {unknown}
 n - 3 scrolls of teleportation {unknown}
 p - 2 scrolls of vulnerability {unknown}
 r - a scroll of enchant armour {unknown}
 x - a scroll of butterflies {unknown}
Potions
 e - a potion of degeneration {unknown}
 f - 4 potions of heal wounds
 h - a potion of haste {unknown}
 i - a potion of lignification {unknown}
 m - 3 potions of curing {unknown}
 s - 2 potions of brilliance {unknown}
 t - a potion of mutation {unknown}
 u - a potion of attraction {unknown}


   Skills:
 - Level 1.8 Fighting
 + Level 8.0 Ranged Weapons
 - Level 1.8 Dodging
 - Level 2.0 Stealth


You had 6 spell levels left.
You didn't know any spells.
Your spell library contained the following spells:

 Spells                   Type           Power      Damage    Failure   Level
 Sting                    Tmut/Pois      0%         1d3       41%         1
 Inner Flame              Hex/Fire       0%         N/A       80%         3
 Flame Wave               Conj/Fire      0%         2d4       99%         4
 Sticky Flame             Conj/Fire      0%         2d3       99%         4
 Summon Forest            Summ/Tloc      0%         N/A       100%        5
 Summon Mana Viper        Hex/Summ       0%         N/A       100%        5
 Summon Cactus Giant      Summ           0%         N/A       100%        6


Dungeon Overview and Level Annotations

Branches:
Dungeon (5/15)             Temple (0/1) D:4

Annotations:
D:4 Dowan, Duvessa, Pikel


Innate Abilities, Weirdness & Mutations

You have an increased reservoir of magic. (+10% MP)
You shall have no god before yourself.
Your divine heritage dramatically boosts your attributes as you level up.


Message History

Level annotation: Dowan, Duvessa
There is a stone staircase leading down here.
You shoot an arrow. The arrow hits Pikel.
Pikel is moderately wounded.
Pikel hits you with a +2 whip of electrocution.
You are electrocuted!
You shoot an arrow. The arrow closely misses Pikel.
Pikel closely misses you.
You shoot an arrow. The arrow hits Pikel.
Pikel is heavily wounded.
Pikel hits you with a +2 whip of electrocution!
You are too injured to fight recklessly!
You are too injured to fight recklessly!
Fire: a) +0 shortbow
Press: ? - help, Q - select action, (/) - cycle Shift-Dir - straight line, f/p - Pikel
Aim: Pikel, wielding a +2 whip of electrocution and wearing a +0 robe (heavily wounded, 62% to hit)
You shoot an arrow.
The arrow hits Pikel but does no damage.
Pikel is heavily wounded.
Pikel hits you with a +2 whip of electrocution!
* * * LOW HITPOINT WARNING * * *
Fire: a) +0 shortbow
Press: ? - help, Q - select action, (/) - cycle Shift-Dir - straight line, f/p - Pikel
Aim: Pikel, wielding a +2 whip of electrocution and wearing a +0 robe (heavily wounded, 62% to hit)
You shoot an arrow. The arrow hits Pikel.
Pikel is heavily wounded.
Pikel hits you with a +2 whip of electrocution!
* * * LOW HITPOINT WARNING * * *
Fire: a) +0 shortbow
Press: ? - help, Q - select action, (/) - cycle Shift-Dir - straight line, f/p - Pikel
Aim: Pikel, wielding a +2 whip of electrocution and wearing a +0 robe (heavily wounded, 62% to hit)
You shoot an arrow. The arrow hits Pikel.
Pikel is heavily wounded.
Pikel barely misses you. Pikel misses you.
Fire: a) +0 shortbow
Press: ? - help, Q - select action, (/) - cycle Shift-Dir - straight line, f/p - Pikel
Aim: Pikel, wielding a +2 whip of electrocution and wearing a +0 robe (heavily wounded, 62% to hit)
You shoot an arrow. The arrow hits Pikel!
Pikel is almost dead.
Pikel hits you with a +2 whip of electrocution!
You die...

....###.#.# #...#
###.#.....####.###
###.#.#.###....#
....#.#.....####
...##.####..#
#.....#.....#
#).#.....#.##
...'.....#.########
.).#............@.#
................K.#
.#.#..............#
.#.....###.########
.#########.#
.).........#
>.########## ..#
.##


You could see Pikel.

Vanquished Creatures
  An ogre (D:5)
  A phantom (D:3)
  3 scorpions
  3 hounds
  Ijyb (D:3)
  An orc wizard (D:4)
  5 gnolls
  3 adders
  An ufetubus (D:4)
  2 worms
  3 dart slugs (D:1)
  12 orcs
  7 ball pythons
  4 endoplasms
  5 giant cockroaches
  3 goblins
  6 hobgoblins
  7 jackals
  3 quokkas
  3 bats
  2 frilled lizards (D:1)
  5 kobolds
  9 rats
90 creatures vanquished.

Notes
Turn   | Place    | Note
-------+----------+-------------------------------------------
     0 | D:1      | MacCMillion the Demigod Hunter began the quest for the Orb.
     0 | D:1      | Reached XP level 1. HP: 17/17 MP: 3/3
    40 | D:1      | Reached skill level 1 in Stealth
    59 | D:1      | Reached XP level 2. HP: 20/24 MP: 4/4
   168 | D:1      | Reached skill level 4 in Ranged Weapons
   706 | D:2      | Got Plato's Precepts of the Queen Bee
  1140 | D:2      | Reached XP level 3. HP: 29/29 MP: 5/5
  1920 | D:3      | Noticed a phantom
  2164 | D:3      | Reached skill level 5 in Ranged Weapons
  2164 | D:3      | Reached XP level 4. HP: 32/36 MP: 6/6
  2219 | D:3      | Killed a phantom
  2446 | D:3      | Reached XP level 5. HP: 41/41 MP: 7/7
  2527 | D:3      | Noticed Ijyb
  2535 | D:3      | Killed Ijyb
  2623 | D:3      | Reached skill level 6 in Ranged Weapons
  2768 | D:4      | Noticed Duvessa
  2768 | D:4      | Noticed Dowan
  3199 | D:4      | Reached XP level 6. HP: 45/48 MP: 5/8
  3343 | D:4      | Found a staircase to the Ecumenical Temple.
  3553 | D:4      | Reached skill level 7 in Ranged Weapons
  4166 | D:5      | Entered Level 5 of the Dungeon
  4583 | D:5      | Reached skill level 8 in Ranged Weapons
  4583 | D:5      | Reached XP level 7. HP: 53/53 MP: 9/9
  4589 | D:5      | Noticed Pikel
  4612 | D:4      | Slain by Pikel

Illustrated notes

Levels and vault maps discovered:
D:1:      wheals_arrival_shading, layout_loops_ring
D:2:      layout_basic, shapermc_ecumenical_altar_rom_forum
D:3:      layout_rooms, tgw_xom, uniq_ijyb
D:4:      kb_forest_paths, layout_basic, ashenzari_altar_1,
          minmay_temple_entry_offerings, uniq_duvessa
D:5:      dreamdust_elfheim, layout_cave_pools, makhleb_heckhound_becter,
          nicolae_gozag_seed_capital, mainiacjoe_overflow_alcove_1,
          grunt_temple_overflow_open, cheibriados_altar_1, feat_on_display,
          uniq_pikel, uniq_eustachio

Skill      XL: |  1  2  3  4  5  6 |
---------------+-------------------+-----
Stealth        | 1 2 |  2.0
Ranged Weapons | 4 5 6 8 |  8.0
Fighting       | |  1.8
Dodging        | |  1.8

Action                     |  1- 3 |  4- 6 |  7- 9 || total
---------------------------+-------+-------+-------++-------
   Fire: Shortbow          |   135 |   186 |    11 ||   332
    Use: Potion            |       |     3 |       ||     3
 Armour: Leather armour    |    13 |    25 |       ||    38
  Dodge: Dodged            |    60 |    45 |     3 ||   108

Table legend: (Time is in decaauts)
 A = Elapsed time spent in this place.
 B = Non-inter-level travel time spent in this place.
 C = Inter-level travel time spent in this place.
 D = Time resting spent in this place.
 E = Time spent auto-exploring this place.
 F = Levels seen in this place.
 G = Mean time per level.
                   A        B        C        D        E       F      G
               +--------+--------+--------+--------+--------+-----+--------+
         Total |   4701 |   4395 |    306 |   1357 |   2184 |   5 |  940.2 |
       Dungeon |   4701 |   4395 |    306 |   1357 |   2184 |   5 |  940.2 |
               +--------+--------+--------+--------+--------+-----+--------+

Top non-repeatable levels by time:
     D:3: 1473 daAuts
     D:4: 1429 daAuts
     D:2: 840 daAuts
     D:1: 684 daAuts
     D:5: 273 daAuts
